[Event "Early Titled Tuesday Blitz | February 8 2022"]
[White "Iskusnyh, Sergei"]
[Black "Shtyka, Sergey"]
[WhiteFideId "4120027"]
[BlackFideId "4138465"]
[WhiteElo "2492"]
[BlackElo "2014"]
[Result "1-0"]
[Round "08"]
[TimeControl "180+1"]
[Date "2022.02.08"]
[WhiteClock "0:00:07"]
[BlackClock "0:00:03"]

1. d4 c5 2. d5 e5 3. e4 d6 4. Bb5+ Bd7 5. a4 Be7 6. Nf3 Nf6 7. Nc3 O-O 8. Be2 Bg4 9. Nd2 Bxe2 10. Qxe2 Nbd7 11. O-O Ne8 12. Nc4 Nc7 13. f4 exf4 14. Bxf4 Ne8 15. Kh1 Nb6 16. Ne3 Bf6 17. Nf5 g6 18. Nh6+ Kg7 19. Ng4 g5 20. Nxf6 Qxf6 21. Qg4 h6 22. Rae1 Qg6 23. Bg3 Rd8 24. a5 Nd7 25. Rf5 f6 26. Nd1 Ne5 27. Qe2 Kh7 28. Ref1 Ng7 29. R5f2 Rde8 30. b3 h5 31. Ne3 h4 32. Bxe5 Rxe5 33. Nc4 Rxe4 34. Qd3 Rd4 35. Qxg6+ Kxg6 36. Nxd6 Rxd5 37. Nxb7 a6 38. c4 Re5 39. Nd6 f5 40. Rd2 Rd8 41. Rfd1 g4 42. Kg1 Nh5 43. Kf2 Nf4 44. Nb7 Rxd2+ 45. Rxd2 Kg5 46. Nd6 Kf6 47. Nb7 Ne6 48. Rd5 Nd4 49. Rxe5 Kxe5 50. Nxc5 f4 51. Nxa6 Nxb3 52. c5 Nxa5 53. Nb4 g3+ 54. hxg3 fxg3+ 55. Kf3 Ke6 56. Kg4 Nb3 57. c6 Kd6 58. Kxh4 Nd4 59. Kxg3 Nf5+ 60. Kf4 Ne7 61. g4 Kc5 62. Ke5 Kxb4 63. Kd6 Nc8+ 64. Kd7 Nb6+ 65. Kd6 Nc8+ 66. Kd7 Nb6+ 67. Ke6 Kc5 68. c7 Kc6 69. g5 Kxc7 70. g6 Nd7 71. g7 Nc5+ 72. Kf5 Nd7 73. g8=Q Kd6 74. Qe6+ Kc7 75. Qe7 Kc6 76. Ke4 Nc5+ 77. Kd4 Nb3+ 78. Kc3 Nc5 79. Kc4 Nb7 80. Qe6+ Nd6+ 81. Kd4 Kc7 82. Kd5 Nc8 83. Qf7+ Kb6 84. Qd7 Na7 85. Qd8+ Kb7 86. Kc5 Nc8 87. Qd7+ Kb8 88. Kb5 Na7+ 89. Ka6 Nc6 90. Qb7# 1-0


[Site "https://www.chess.com"]

[Event "Early Titled Tuesday Blitz | February 8 2022"]
[White "Jain Kashish Manoj"]
[Black "Atzl, Florian"]
[WhiteFideId "35081098"]
[BlackFideId "1635891"]
[WhiteElo "1681"]
[BlackElo "2085"]
[Result "0-1"]
[Round "08"]
[TimeControl "180+1"]
[Date "2022.02.08"]
[WhiteClock "0:00:46"]
[BlackClock "0:02:32"]

1. Nf3 c5 2. g3 Nf6 3. Bg2 Nc6 4. O-O d5 5. d3 e5 6. e4 d4 7. Na3 Bd6 8. Nc4 Bc7 9. a4 Be6 10. Ng5 Bxc4 11. dxc4 O-O 12. Nf3 Nxe4 13. Nxe5 Nxe5 0-1


[Site "https://www.chess.com"]

[Event "Early Titled Tuesday Blitz | February 8 2022"]
[White "Jaivardhan Raj"]
[Black "Martin Duque, Jesus"]
[WhiteFideId "25744437"]
[BlackFideId "2208954"]
[WhiteElo "1375"]
[BlackElo "2243"]
[Result "0-1"]
[Round "08"]
[TimeControl "180+1"]
[Date "2022.02.08"]
[WhiteClock "0:01:10"]
[BlackClock "0:02:02"]

1. e4 c5 2. Nf3 b6 3. c3 Bb7 4. Bd3 g6 5. O-O Bg7 6. Bc2 Nf6 7. Re1 O-O 8. d4 d6 9. Nbd2 cxd4 10. cxd4 Nc6 11. a3 Rc8 12. Bd3 Nh5 0-1


[Site "https://www.chess.com"]

[Event "Early Titled Tuesday Blitz | February 8 2022"]
[White "Jaracz, Pawel"]
[Black "Nepomniachtchi, Ian"]
[WhiteFideId "1102222"]
[BlackFideId "4168119"]
[WhiteElo "2429"]
[BlackElo "2740"]
[Result "1-0"]
[Round "08"]
[TimeControl "180+1"]
[Date "2022.02.08"]
[WhiteClock "0:00:16"]
[BlackClock "0:00:14"]

1. e4 e6 2. d4 d5 3. Nd2 a5 4. Ngf3 a4 5. Bd3 Nf6 6. O-O a3 7. b3 Bb4 8. e5 Nfd7 9. c4 dxc4 10. bxc4 Nc6 11. Ne4 Nb6 12. Rb1 Be7 13. Be3 Nb4 14. Be2 Nxa2 15. Qd2 Nb4 16. Rxb4 Bxb4 17. Qxb4 Qe7 18. Nc5 Nd7 19. Ra1 b6 20. Nd3 Qxb4 21. Nxb4 Bb7 22. c5 bxc5 23. dxc5 Ra4 24. Bd2 Bxf3 25. gxf3 Ra8 26. Bb5 Ke7 27. Nc6+ Kf8 28. f4 g5 29. fxg5 Kg7 30. Ba5 Nxc5 31. Rxa3 Ne4 32. h4 h6 33. Re3 Nc5 34. Bb4 Nd7 35. Be7 hxg5 36. Bxg5 Ra1+ 37. Kg2 Rb1 38. Nd4 Nxe5 39. Rxe5 f6 40. Nxe6+ Kf7 41. Rf5 Kxe6 42. Rxf6+ Ke5 43. Bd3 Rb3 44. Bg6 Ra8 45. h5 Ra4 46. Rf5+ Ke6 47. Rf6+ Ke5 48. f3 Rb2+ 49. Kg3 Rb1 50. Bxb1 1-0


[Site "https://www.chess.com"]

[Event "Early Titled Tuesday Blitz | February 8 2022"]
[White "Jobava, Baadur"]
[Black "Maurizzi, Marc`Andria"]
[WhiteFideId "13601520"]
[BlackFideId "36083534"]
[WhiteElo "2617"]
[BlackElo "2186"]
[Result "0-1"]
[Round "08"]
[TimeControl "180+1"]
[Date "2022.02.08"]
[WhiteClock "0:01:01"]
[BlackClock "0:00:26"]

1. d4 d5 2. c4 e6 3. Nc3 a6 4. c5 b6 5. cxb6 cxb6 6. Bf4 Nf6 7. e3 Bd6 8. Nf3 O-O 9. Bd3 Bb7 10. O-O b5 11. Rc1 Bxf4 12. exf4 Qd6 13. g3 Nc6 14. Re1 Rfc8 15. Bb1 g6 16. Ne5 Ne7 17. Qd2 Rc7 18. Ne2 Rac8 19. f3 Nd7 20. Kf2 Nb6 21. b3 Nd7 22. Rxc7 Rxc7 23. Rc1 Rxc1 24. Nxc1 Nxe5 25. fxe5 Qb6 26. Ke3 Nc6 27. f4 b4 28. Qb2 Qb5 29. Bd3 Qb6 30. Be2 a5 31. g4 Ba6 32. Bxa6 Qxa6 33. Nd3 a4 34. Qc2 axb3 35. axb3 Qb6 36. Qc5 Qxc5 37. Nxc5 Kf8 38. Nd3 Ke7 39. h4 f5 40. exf6+ Kxf6 41. Nc5 h5 42. Nd7+ Ke7 43. gxh5 Kxd7 44. hxg6 Ke7 45. h5 Kf6 46. Kd3 Ne7 47. Ke3 Nf5+ 48. Kd3 Ng3 0-1


[Site "https://www.chess.com"]

[Event "Early Titled Tuesday Blitz | February 8 2022"]
[White "Johnson, Ben"]
[Black "Murthy, Pappu"]
[WhiteFideId "2010917"]
[BlackFideId "2013401"]
[WhiteElo "2150"]
[BlackElo "1963"]
[Result "1-0"]
[Round "08"]
[TimeControl "180+1"]
[Date "2022.02.08"]
[WhiteClock "0:00:13"]
[BlackClock "0:00:20"]

1. Nf3 c5 2. c4 g6 3. d4 cxd4 4. Nxd4 Bg7 5. e4 Nc6 6. Be3 d6 7. Nc3 Nf6 8. Be2 O-O 9. O-O Nxd4 10. Bxd4 Bd7 11. h3 Bc6 12. Qd3 a5 13. b3 Nd7 14. Bxg7 Kxg7 15. Rfd1 Kg8 16. Qg3 Nc5 17. e5 Qb6 18. exd6 exd6 19. Rxd6 Rad8 20. Nd5 Qa7 21. Ne7+ Kg7 22. Qc3+ f6 23. Rxc6 bxc6 24. Nxc6 Qb6 25. Nxd8 Rxd8 26. Rd1 Rxd1+ 27. Bxd1 Ne4 28. Qf3 Qd4 29. g3 Nxg3 30. Kg2 Ne4 31. Bc2 f5 32. Bxe4 fxe4 33. Qf4 Qd3 34. Qc7+ Kh6 35. Qf4+ Kg7 36. Qe5+ Kh6 37. h4 Qf3+ 38. Kg1 Qg4+ 39. Kh1 Qxh4+ 40. Qh2 Qxh2+ 41. Kxh2 Kg5 42. c5 Kf5 43. a3 g5 44. b4 axb4 45. axb4 Ke5 46. Kg3 h5 47. Kg2 Kd5 48. Kf1 Kc6 49. Ke2 Kb5 50. Ke3 h4 51. Kxe4 Kc6 52. Kf3 Kb5 53. Kg4 Kc6 54. f4 gxf4 55. Kxh4 f3 56. Kg3 Kb5 57. Kxf3 Kxb4 58. c6 Kb5 59. c7 Kc6 60. c8=Q+ Kd5 61. Qc3 1-0


[Site "https://www.chess.com"]

[Event "Early Titled Tuesday Blitz | February 8 2022"]
[White "Jones, Gawain C B"]
[Black "Abdusattorov, Nodirbek"]
[WhiteFideId "409561"]
[BlackFideId "14204118"]
[WhiteElo "2657"]
[BlackElo "2663"]
[Result "1-0"]
[Round "08"]
[TimeControl "180+1"]
[Date "2022.02.08"]
[WhiteClock "0:00:05"]
[BlackClock "0:00:01"]

1. Nf3 Nf6 2. g3 g6 3. b3 Bg7 4. Bb2 O-O 5. Bg2 d6 6. d4 Nc6 7. O-O Ne4 8. Nbd2 Bf5 9. c4 e5 10. Nxe5 dxe5 11. Nxe4 exd4 12. Nc5 b6 13. e4 Bc8 14. Nd3 Ne7 15. c5 a5 16. Rc1 Ba6 17. Re1 Rc8 18. Nf4 Nc6 19. cxb6 cxb6 20. Bh3 Ne5 21. Bxc8 Bxc8 22. f3 Ba6 23. Kg2 g5 24. Nd5 g4 25. fxg4 Nd3 26. Ba3 Re8 27. Nc7 Nxe1+ 28. Qxe1 d3 29. Nxe8 d2 30. Qd1 dxc1=Q 31. Qxc1 Qxe8 32. Qf4 Bb7 33. Kf3 Qe5 34. Bc1 Qxf4+ 35. gxf4 Bd4 36. g5 f5 37. gxf6 Kf7 38. f5 Kxf6 39. Bf4 h5 40. Bc7 Bc6 41. Kf4 Kf7 42. e5 Bc5 43. Kg5 Be3+ 44. Kxh5 Bf3+ 45. Kh4 Bf2+ 46. Kg5 Be3+ 47. Kh4 a4 48. Bd6 axb3 49. axb3 b5 50. b4 Bf2+ 51. Kg5 Be3+ 52. Kh4 Bd2 53. Kg3 Be4 54. Kg4 Bd3 55. Bc5 Be2+ 56. Kg3 Bc3 57. Kf4 Bd2+ 58. Ke4 Bd1 59. e6+ Kf6 60. Bd4+ Ke7 61. Ke5 Bxb4 62. f6+ Kf8 63. Be3 Kg8 64. h4 Bc3+ 65. Kf5 Bc2+ 66. Kg5 Bb4 67. Bd4 Bb3 68. Kf5 Bc2+ 69. Kg5 Bb3 70. Kf5 Bc2+ 71. Ke5 Kh7 72. e7 Bg6 73. Ke6 Kg8 74. Kd7 Be1 75. e8=Q+ Bxe8+ 76. Kxe8 Bb4 77. h5 Kh7 78. f7 Kh6 79. Bf6 Bc3 80. Bxc3 Kxh5 81. f8=Q 1-0


[Site "https://www.chess.com"]

[Event "Early Titled Tuesday Blitz | February 8 2022"]
[White "Kamsky, Gata"]
[Black "Moroni, Luca Jr"]
[WhiteFideId "2000024"]
[BlackFideId "865834"]
[WhiteElo "2645"]
[BlackElo "2573"]
[Result "1-0"]
[Round "08"]
[TimeControl "180+1"]
[Date "2022.02.08"]
[WhiteClock "0:00:22"]
[BlackClock "0:00:01"]

1. d4 d6 2. Nf3 g6 3. e4 Bg7 4. c3 Nf6 5. Bd3 O-O 6. O-O Nc6 7. Re1 e5 8. h3 h6 9. a4 Qe7 10. a5 Nh5 11. d5 Nb8 12. c4 Nf4 13. Bf1 g5 14. Nh2 f5 15. exf5 Bxf5 16. Nc3 Nd7 17. Ra3 Nc5 18. Re3 Rae8 19. b4 Na6 20. Rb3 Qf7 21. f3 h5 22. Ne4 Qg6 23. Re1 g4 24. hxg4 hxg4 25. Nxg4 Bxg4 26. fxg4 Qh7 27. Bd2 Nb8 28. Rf3 Nd7 29. g3 Nh3+ 30. Bxh3 Qxh3 31. Ng5 Qh6 32. Ne6 Qh3 33. Nxf8 Nxf8 34. Qe2 e4 35. Qh2 Qxg4 36. Rf4 Qg6 37. Qg2 Bd4+ 38. Kf1 e3 39. Rxd4 exd2 40. Rxe8 Qb1+ 41. Kf2 Qf5+ 42. Qf3 d1=Q 43. Rxd1 Qc2+ 44. Kg1 1-0


[Site "https://www.chess.com"]

[Event "Early Titled Tuesday Blitz | February 8 2022"]
[White "Karabalis, Harilos"]
[Black "Goryachkina, Aleksandra"]
[WhiteFideId "4621808"]
[BlackFideId "4147103"]
[WhiteElo "2168"]
[BlackElo "2426"]
[Result "0-1"]
[Round "08"]
[TimeControl "180+1"]
[Date "2022.02.08"]
[WhiteClock "0:00:16"]
[BlackClock "0:00:04"]

1. e4 c5 2. a3 e6 3. Nf3 d5 4. e5 d4 5. c3 Ne7 6. Bd3 Nbc6 7. O-O Nd5 8. Be4 Be7 9. c4 Nf4 10. d3 Ng6 11. b4 Ncxe5 12. bxc5 Bxc5 13. Nxe5 Nxe5 14. f4 Ng6 15. f5 exf5 16. Bxf5 O-O 17. Nd2 Bxf5 18. Rxf5 b6 19. Ne4 Ne7 20. Rf1 f5 21. Ng5 Qd7 22. Qh5 h6 23. Nh3 Rf6 24. Bf4 Ng6 25. a4 Re8 26. a5 Qf7 27. axb6 axb6 28. Qf3 Rfe6 29. Ra8 Rxa8 30. Qxa8+ Re8 31. Qf3 Qe6 32. Qh5 Nxf4 33. Nxf4 Qe3+ 34. Kh1 Rf8 35. h3 Qe8 36. Qf3 Qf7 37. Re1 g5 38. Nd5 Kg7 39. Re5 f4 40. Qe4 f3 41. gxf3 Qxf3+ 42. Qxf3 Rxf3 43. Nc7 Rxd3 44. Ne6+ Kf6 45. Nxc5 bxc5 46. Rxc5 Rxh3+ 47. Kg2 Rc3 48. Rc6+ Kg7 49. c5 h5 50. Rd6 Rxc5 51. Rxd4 Rc2+ 52. Kg3 Rc3+ 53. Kg2 Rc5 54. Rd7+ Kg6 55. Rd5 Rxd5 0-1


[Site "https://www.chess.com"]

[Event "Early Titled Tuesday Blitz | February 8 2022"]
[White "Karavaeva, Olga"]
[Black "Buscar, Michael"]
[WhiteFideId "4124111"]
[BlackFideId "2603616"]
[WhiteElo "2105"]
[BlackElo "2010"]
[Result "1-0"]
[Round "08"]
[TimeControl "180+1"]
[Date "2022.02.08"]
[WhiteClock "0:00:22"]
[BlackClock "0:00:04"]

1. c4 Nf6 2. Nc3 d5 3. cxd5 Nxd5 4. g3 Nxc3 5. bxc3 g6 6. Bg2 Bg7 7. Nf3 O-O 8. O-O Nd7 9. Rb1 c6 10. d4 Nb6 11. e4 Be6 12. Qc2 Bc4 13. Re1 Ba6 14. e5 Rc8 15. Nd2 c5 16. Qb2 cxd4 17. cxd4 Na4 18. Qb4 Nc3 19. Rb2 Nd5 20. Qa3 Rc3 21. Nb3 e6 22. Bd2 Rc6 23. Bb4 Nxb4 24. Qxb4 Rc4 25. Qd2 Qc7 26. Bf1 Rc6 27. Bxa6 Rxa6 28. Nc5 Rb6 29. Rxb6 axb6 30. Ne4 Rd8 31. Qb2 Qc4 32. Nd6 Qa6 33. Rb1 Bf8 34. Qxb6 Qxb6 35. Rxb6 Bxd6 36. exd6 Rd7 37. Kg2 Kg7 38. Kf3 Kf6 39. Ke4 h5 40. f4 Rd8 41. a4 Rd7 42. a5 Rd8 43. h3 Rd7 44. g4 hxg4 45. hxg4 Rd8 46. g5+ Kg7 47. Ke5 Rd7 48. d5 exd5 49. Kxd5 Kf8 50. a6 bxa6 51. Rxa6 Rb7 52. Kc6 Rb1 53. Ra8+ Kg7 54. d7 Rc1+ 55. Kb6 Rb1+ 56. Kc5 Rc1+ 57. Kb4 Rb1+ 58. Kc3 Rc1+ 59. Kb2 Rd1 60. d8=Q 1-0


[Site "https://www.chess.com"]

[Event "Early Titled Tuesday Blitz | February 8 2022"]
[White "Khamdamova, Afruza"]
[Black "Demin, Vladimir"]
[WhiteFideId "14210444"]
[BlackFideId "4167457"]
[WhiteElo "1660"]
[BlackElo "2487"]
[Result "0-1"]
[Round "08"]
[TimeControl "180+1"]
[Date "2022.02.08"]
[WhiteClock "0:00:24"]
[BlackClock "0:01:02"]

1. e4 Nf6 2. e5 Nd5 3. d4 d6 4. Nf3 dxe5 5. Nxe5 g6 6. c4 Nb6 7. Nc3 Bg7 8. Nf3 O-O 9. h3 Nc6 10. Be3 Na5 11. b3 c5 12. Rc1 cxd4 13. Nxd4 Nc6 14. Ndb5 Bf5 15. Be2 Qxd1+ 16. Rxd1 a6 17. Bxb6 axb5 18. Nxb5 Rxa2 19. Bf3 Ne5 20. Bxb7 Nd3+ 21. Kf1 Nb2 22. Re1 Nd3 23. Rd1 Rb8 24. g4 Nb2 25. Rd8+ Rxd8 26. Bxd8 Bd7 27. Bxe7 Nd3 28. Rh2 Be5 29. Rg2 Nf4 30. Rg3 Ra1# 0-1


[Site "https://www.chess.com"]

[Event "Early Titled Tuesday Blitz | February 8 2022"]
[White "Kostina, Nadezhda"]
[Black "Haukenfrers, Dale"]
[WhiteFideId "4195876"]
[BlackFideId "2603780"]
[WhiteElo "2001"]
[BlackElo "1987"]
[Result "1-0"]
[Round "08"]
[TimeControl "180+1"]
[Date "2022.02.08"]
[WhiteClock "0:01:55"]
[BlackClock "0:00:40"]

1. e4 c6 2. d4 d5 3. Nc3 dxe4 4. Nxe4 Nf6 5. Ng3 h5 6. h4 Qc7 7. Nf3 Bg4 8. Be2 e6 9. Ne5 Bxe2 10. Qxe2 Nbd7 11. Bg5 Nxe5 12. dxe5 Nd5 13. Nxh5 Qa5+ 14. c3 Nxc3 15. Qd2 Bb4 16. Nxg7+ Kf8 17. O-O Ne4 18. Nxe6+ fxe6 19. Qf4+ Kg7 20. Qxe4 Raf8 21. Rad1 Rf5 22. Bf6+ Kg6 23. Qg4+ Kh6 24. Qg7+ Kh5 25. Qxh8+ Kg4 26. Qg7+ Kh5 27. Qh7+ Kg4 28. Qg6+ Kf4 29. Qg3+ Ke4 30. Qe3# 1-0


[Site "https://www.chess.com"]

[Event "Early Titled Tuesday Blitz | February 8 2022"]
[White "Khoroshev, Nikita"]
[Black "Sanal, Vahap"]
[WhiteFideId "14200287"]
[BlackFideId "6300545"]
[WhiteElo "2354"]
[BlackElo "2603"]
[Result "0-1"]
[Round "08"]
[TimeControl "180+1"]
[Date "2022.02.08"]
[WhiteClock "0:00:02"]
[BlackClock "0:00:24"]

1. e4 d6 2. d4 Nf6 3. Nc3 e5 4. dxe5 dxe5 5. Qxd8+ Kxd8 6. Bc4 Ke8 7. Nf3 Bd6 8. Bg5 Nbd7 9. O-O-O a6 10. a4 h6 11. Bh4 g5 12. Bg3 Nh5 13. h4 g4 14. Nh2 Nxg3 15. fxg3 h5 16. Rhf1 f6 17. Nd5 Rh6 18. Rd2 b5 19. Bb3 Bb7 20. Rdf2 Bxd5 21. Bxd5 Rd8 22. axb5 axb5 23. Bc6 Ke7 24. Bxd7 Rxd7 25. Rd2 Rh8 26. c3 Rdd8 27. Kc2 Bc5 28. Rxd8 Rxd8 29. Rf5 Rh8 30. Nf1 Bg1 31. Kb3 c5 32. Kc2 c4 33. b3 Ra8 34. bxc4 bxc4 35. Nd2 Ra2+ 36. Kd1 Ra1+ 37. Ke2 Ra2 38. Kd1 Bh2 39. Rxh5 Bxg3 40. Rh7+ Ke6 41. h5 Bf4 42. Nxc4 Rxg2 43. h6 g3 44. Rg7 Rh2 45. Rg8 Rxh6 46. Re8+ Kf7 47. Nd6+ Kg7 48. Nf5+ Kh7 49. Ke2 Rh2+ 50. Kf3 Rf2+ 51. Kg4 g2 52. Re7+ Kg8 53. Re8+ Kf7 54. Re7+ Kf8 55. Kh5 g1=Q 56. Rh7 Rh2+ 0-1


[Site "https://www.chess.com"]

[Event "Early Titled Tuesday Blitz | February 8 2022"]
[White "Kiolbasa, Oliwia"]
[Black "Piesik, Piotr"]
[WhiteFideId "1154613"]
[BlackFideId "1136194"]
[WhiteElo "2190"]
[BlackElo "2232"]
[Result "0-1"]
[Round "08"]
[TimeControl "180+1"]
[Date "2022.02.08"]
[WhiteClock "0:00:02"]
[BlackClock "0:00:32"]

1. e4 c6 2. d4 d5 3. e5 Bf5 4. Nf3 e6 5. Be2 Nd7 6. O-O Bg6 7. Nbd2 Nh6 8. Nb3 Nf5 9. g3 a6 10. a4 c5 11. c3 Rc8 12. a5 Be7 13. h4 Bh5 14. Re1 Bxf3 15. Bxf3 cxd4 16. cxd4 Nb8 17. Qd3 Nc6 18. Bd2 Nb4 19. Bxb4 Bxb4 20. Rec1 O-O 21. Nc5 Qe7 22. Nb3 g6 23. Kg2 Rc7 24. Rxc7 Qxc7 25. Rc1 Qd8 26. h5 Bxa5 27. Nxa5 Qxa5 28. Rh1 Qb4 29. hxg6 hxg6 30. Bg4 Kg7 31. Bxf5 exf5 32. Qe3 Rh8 33. e6 Rxh1 34. Qe5+ f6 35. Qc7+ Kh6 36. Qd8 Kg5 37. Kxh1 Qe1+ 38. Kg2 Qxe6 39. Qh8 Qe4+ 40. Kg1 Kg4 41. f3+ Kxf3 42. Qh1+ Ke3 43. Qh2 Qb1+ 44. Kg2 Qxb2+ 0-1


[Site "https://www.chess.com"]

[Event "Early Titled Tuesday Blitz | February 8 2022"]
[White "Komiagina, Maria"]
[Black "Dylag, Emilia"]
[WhiteFideId "4153987"]
[BlackFideId "21805172"]
[WhiteElo "1945"]
[BlackElo "1932"]
[Result "1-0"]
[Round "08"]
[TimeControl "180+1"]
[Date "2022.02.08"]
[WhiteClock "0:00:39"]
[BlackClock "0:01:25"]

1. e4 e5 2. Nf3 Nc6 3. Bb5 a6 4. Bxc6 dxc6 5. d3 Bd6 6. h3 h6 7. b3 Be6 8. Bb2 Qf6 9. Qe2 c5 10. Nbd2 Ne7 11. Nc4 Ng6 12. g3 b5 13. Ne3 c6 14. O-O-O O-O-O 15. Kb1 Qe7 16. h4 h5 17. Ng5 Bd7 18. Nf5 Bxf5 19. exf5 Nf8 20. f4 f6 21. fxe5 Bxe5 22. Bxe5 fxe5 23. Rhe1 Nd7 24. Qe4 Kb7 25. Ne6 g6 26. Nxd8+ Rxd8 27. fxg6 1-0


[Site "https://www.chess.com"]

[Event "Early Titled Tuesday Blitz | February 8 2022"]
[White "Kosteniuk, Alexandra"]
[Black "Mekhitarian, Krikor Sevag"]
[WhiteFideId "4128125"]
[BlackFideId "2107660"]
[WhiteElo "2469"]
[BlackElo "2598"]
[Result "1-0"]
[Round "08"]
[TimeControl "180+1"]
[Date "2022.02.08"]
[WhiteClock "0:00:06"]
[BlackClock "0:00:02"]

1. e4 c5 2. Nf3 g6 3. c3 d5 4. exd5 Qxd5 5. d4 Bg7 6. Nbd2 cxd4 7. Bc4 Qd8 8. Nxd4 Nf6 9. O-O O-O 10. N2f3 a6 11. a4 Qc7 12. Qb3 e5 13. Ne2 Nc6 14. Qa3 Na5 15. Ba2 h6 16. h3 Re8 17. Be3 Bf8 18. b4 Nc4 19. Qc1 Nxe3 20. Qxe3 Kg7 21. Rfd1 Be6 22. a5 Bxa2 23. Rxa2 e4 24. Nh4 Qe5 25. g3 Qe6 26. Rad2 Qxh3 27. Nf4 Qg4 28. Nhg2 g5 29. Nd5 Nxd5 30. Rxd5 Be7 31. Rd7 Bf6 32. Qb6 Qf3 33. Ne3 Rac8 34. Qxb7 Bxc3 35. g4 Rf8 36. Nf5+ Kg8 37. Nxh6+ Kh7 38. Rxf7+ Rxf7 39. Qxf7+ Qxf7 40. Nxf7 Kg6 41. Nd6 Rd8 42. Rc1 Bxb4 43. Nxe4 Rd4 44. Rc6+ Kg7 45. f3 Bxa5 46. Rxa6 Bd8 47. Kg2 Be7 48. Re6 Kf7 49. Re5 Ra4 50. Nxg5+ Kf6 51. Rf5+ Kg6 52. Ne4 Ra2+ 53. Kg3 Ra1 54. Re5 Bd8 55. Re6+ Kf7 56. Rc6 Ke7 57. g5 Kd7 58. Rc4 Be7 59. Kf4 Ke6 60. Rc6+ Kd5 61. Rg6 Ra4 62. Kf5 Ra3 63. Kg4 Ra4 64. Rg7 Ke6 65. Rg6+ Kd5 66. Rb6 Ra1 67. Kf5 Rf1 68. f4 Re1 69. Rb5+ Kc6 70. Re5 1-0


[Site "https://www.chess.com"]

[Event "Early Titled Tuesday Blitz | February 8 2022"]
[White "Krzywda, Andrzej"]
[Black "Dew, Brian"]
[WhiteFideId "1114565"]
[BlackFideId "6000495"]
[WhiteElo "2098"]
[BlackElo "2118"]
[Result "1-0"]
[Round "08"]
[TimeControl "180+1"]
[Date "2022.02.08"]
[WhiteClock "0:00:36"]
[BlackClock "0:00:01"]

1. d4 b6 2. Nf3 Bb7 3. g3 Nf6 4. Bg2 c5 5. dxc5 bxc5 6. c4 g6 7. O-O Bg7 8. Nc3 O-O 9. Qb3 Qc8 10. Bf4 Nc6 11. Ne5 d6 12. Nxc6 Bxc6 13. Nd5 Nxd5 14. cxd5 Rb8 15. Qe3 Ba8 16. Qxe7 Re8 17. Qxd6 Rxb2 18. Be3 c4 19. Rfc1 c3 20. Bf3 Rd8 21. Qe7 Bxd5 22. Rd1 Re8 23. Qxa7 Bxf3 24. exf3 c2 25. Rdc1 Rb7 26. Qa3 Bxa1 27. Rxa1 Rb1+ 28. Rxb1 cxb1=Q+ 29. Kg2 Qbb7 30. Qd6 Qcc6 31. Qd1 Qd5 32. Qe2 Rc8 33. h4 Ra8 34. Bh6 Qe6 35. Qc2 Qxa2 36. Qc3 Qab2 37. Qe3 Qf6 38. Bg5 Qe6 39. Qd4 f6 40. Bh6 Qed5 41. Qf4 Re8 42. h5 Qdf7 43. g4 Qfd5 44. hxg6 1-0


[Site "https://www.chess.com"]

[Event "Early Titled Tuesday Blitz | February 8 2022"]
[White "Kujawski, Adam"]
[Black "Ljukin, Sergei"]
[WhiteFideId "1100920"]
[BlackFideId "14102200"]
[WhiteElo "2053"]
[BlackElo "2312"]
[Result "0-1"]
[Round "08"]
[TimeControl "180+1"]
[Date "2022.02.08"]
[WhiteClock "0:00:01"]
[BlackClock "0:00:41"]

1. e4 e6 2. d4 d5 3. Nc3 Bb4 4. e5 Ne7 5. a3 Bxc3+ 6. bxc3 c5 7. a4 Qa5 8. Qd2 Nbc6 9. Nf3 cxd4 10. cxd4 Qxd2+ 11. Kxd2 Nf5 12. Bb2 Na5 13. Bc3 Nc4+ 14. Bxc4 dxc4 15. Ng5 Bd7 16. Ne4 Bc6 17. f3 O-O 18. Rhd1 Rad8 19. Ke2 f6 20. exf6 gxf6 21. Nxf6+ Rxf6 22. d5 Rg6 23. dxc6 Rxg2+ 24. Ke1 Rxd1+ 25. Rxd1 bxc6 26. Rd2 Rxd2 27. Kxd2 Kf7 28. Be5 Kg6 29. Kc3 Nh4 30. Kxc4 Nxf3 31. Bb8 a6 32. Kc5 Kf5 33. Kxc6 e5 34. Kb6 Nxh2 35. Kxa6 Nf3 36. Kb6 h5 37. a5 h4 38. a6 h3 39. a7 h2 40. a8=Q h1=Q 41. Qd5 Qg1+ 42. Kc6 Nd4+ 43. Kc5 Ne6+ 44. Kc4 Qg7 45. Qd3+ Kf6 46. Qf3+ Nf4 0-1


[Site "https://www.chess.com"]

[Event "Early Titled Tuesday Blitz | February 8 2022"]
[White "Lehtosaari, Mauri"]
[Black "Jaferian, Koosha"]
[WhiteFideId "501999"]
[BlackFideId "12507440"]
[WhiteElo "2466"]
[BlackElo "2027"]
[Result "0-1"]
[Round "08"]
[TimeControl "180+1"]
[Date "2022.02.08"]
[WhiteClock "0:00:02"]
[BlackClock "0:00:12"]

1. d4 Nf6 2. Nf3 e6 3. Bg5 Be7 4. Nbd2 d5 5. e3 O-O 6. Bd3 c5 7. c3 Nc6 8. O-O b6 9. Ne5 Nxe5 10. dxe5 Nd7 11. Bxe7 Qxe7 12. f4 a5 13. Rf3 f5 14. exf6 Nxf6 15. Rh3 e5 16. Rg3 e4 17. Bb5 Qd6 18. Nc4 Qe6 19. Ne5 Ba6 20. Bxa6 Rxa6 21. Qb3 Ra7 22. Rd1 Rd8 23. Rg5 h6 24. Rg6 Kh7 25. h3 a4 26. Qb5 a3 27. b3 Ra5 28. Qe2 Qe8 29. Rg3 Ra7 30. Kh2 Re7 31. Ng6 Re6 32. f5 Red6 33. Qf2 Qd7 34. Qf4 Nh5 35. Qg4 Nxg3 36. Qxg3 Qxf5 37. Nf4 Qg5 38. Qf2 Qe5 39. g3 d4 40. cxd4 cxd4 41. exd4 Rxd4 42. Re1 Rd2 43. Re2 Rxe2 44. Qxe2 Qd4 45. h4 Qd2 46. Kg2 Qxe2+ 47. Nxe2 Rd2 0-1


[Site "https://www.chess.com"]

[Event "Early Titled Tuesday Blitz | February 8 2022"]
[White "Loay, Sameer"]
[Black "Mohammed, Dilshad"]
[WhiteFideId "8104239"]
[BlackFideId "5050421"]
[WhiteElo "2040"]
[BlackElo "2153"]
[Result "1-0"]
[Round "08"]
[TimeControl "180+1"]
[Date "2022.02.08"]
[WhiteClock "0:02:25"]
[BlackClock "0:01:23"]

1. Nf3 Nf6 2. g3 d5 3. Bg2 e6 4. O-O Be7 5. d3 O-O 6. Nbd2 a5 7. e4 a4 8. a3 c5 9. Re1 Nc6 10. Qe2 dxe4 11. dxe4 e5 12. Nc4 Qc7 13. Bg5 Bg4 14. c3 Rad8 15. h3 Bh5 16. Bxf6 Bxf6 17. Ne3 Ne7 18. g4 Bg6 19. g5 Bxe4 20. gxf6 gxf6 21. Ng4 Bc6 22. Nxf6+ Kh8 23. Qxe5 Qxe5 24. Nxe5 Bxg2 25. Kxg2 Nf5 26. Rad1 Kg7 27. Nh5+ Kh6 28. Nf4 Kg5 29. Nd5 Nh4+ 30. Kf1 Rde8 31. f4+ Kf5 32. Nd7 Rxe1+ 33. Rxe1 Rd8 34. Re5+ Kg6 35. Rg5+ Kh6 36. N7f6 Nf3 37. Ng4# 1-0


[Site "https://www.chess.com"]

[Event "Early Titled Tuesday Blitz | February 8 2022"]
[White "Lodici, Lorenzo"]
[Black "Bacrot, Etienne"]
[WhiteFideId "884189"]
[BlackFideId "605506"]
[WhiteElo "2265"]
[BlackElo "2673"]
[Result "0-1"]
[Round "08"]
[TimeControl "180+1"]
[Date "2022.02.08"]
[WhiteClock "0:00:02"]
[BlackClock "0:00:47"]

1. e4 d5 2. exd5 Qxd5 3. Nf3 Nc6 4. Be2 Nf6 5. d4 Bg4 6. h3 Bh5 7. c4 Qa5+ 8. Bd2 Qf5 9. g4 Nxg4 10. hxg4 Bxg4 11. Be3 e5 12. d5 Bb4+ 13. Nbd2 Bxf3 14. Bxf3 Bxd2+ 15. Kxd2 Ne7 16. Qe2 e4 17. Bg2 Qe5 18. Kc2 O-O-O 19. Qg4+ f5 20. Qg3 Qf6 21. Rad1 Qa6 22. Qxg7 Qxc4+ 23. Kb1 Nxd5 24. Bh3 Rhf8 25. Qxh7 Nb4 26. Bxf5+ Kb8 27. Rxd8+ Rxd8 28. a3 Qa2+ 29. Kc1 Qa1# 0-1


[Site "https://www.chess.com"]

[Event "Early Titled Tuesday Blitz | February 8 2022"]
[White "Lopez Mulet, Inigo"]
[Black "Mohammad Fahad, Rahman"]
[WhiteFideId "22235620"]
[BlackFideId "10207791"]
[WhiteElo "2315"]
[BlackElo "2323"]
[Result "1-0"]
[Round "08"]
[TimeControl "180+1"]
[Date "2022.02.08"]
[WhiteClock "0:00:33"]
[BlackClock "0:00:26"]

1. Nf3 d5 2. b3 Nf6 3. Bb2 e6 4. e3 Be7 5. c4 O-O 6. Nc3 c5 7. cxd5 Nxd5 8. Be2 Bf6 9. O-O b6 10. Rc1 Bb7 11. Qc2 Nc6 12. Rfd1 Rc8 13. Ne4 Bxb2 14. Qxb2 Qe7 15. Ng3 Rfd8 16. h3 Ndb4 17. d3 Ba6 18. Ne1 e5 19. a3 Nd5 20. Nf3 Bb7 21. d4 exd4 22. exd4 Nf4 23. dxc5 bxc5 24. Bc4 Nd4 25. Nxd4 cxd4 26. Rxd4 Nxg2 27. Rg4 g6 28. Nf5 Qf8 29. Qf6 Re8 30. Bxf7+ Qxf7 31. Nh6+ Kf8 32. Qxf7# 1-0


[Site "https://www.chess.com"]